[Event "Late-Titled-Tuesday-Blitz-May-28-2024"]
[Site "Chess.com"]
[Date "2024.05.28"]
[Round "4"]
[White "moro182"]
[Black "nihalsarin"]
[Result "0-1"]
[WhiteElo "2887"]
[BlackElo "3254"]
[TimeControl "180+1"]
[EndTime "14:36:47 PDT"]
[Termination "nihalsarin won by resignation"]

1. d4 Nf6 2. Nf3 d5 3. c4 e6 4.
g3 Bb4+ 5. Bd2 Bd6 6. Bg2 c6 7. Qc2 O-O 8. O-O Nbd7 9. b3 e5 10. dxe5 Nxe5 11. cxd5 Nxd5 12. Nc3 Nb4 13. Qb2 Nxf3+ 14.
Bxf3 Be5 15. a3 Nd5 16. Qc2 Nc7 17. Rac1 Qe7 18. b4 Bh3 19. Rfd1 a5 20. Na4 Nb5 21. Nb6 Rad8 22. Nc4 Bf6 23. Nxa5 Nd4 24. Qd3 Rfe8 25. Bc3 Nxf3+ 26. Qxf3 Rxd1+ 27. Rxd1 Bxc3 28. Qxc3 Qxe2 29.
Rb1 Qe4 0-1

[Event "Late-Titled-Tuesday-Blitz-May-28-2024"]
[Site "Chess.com"]
[Date "2024.05.28"]
[Round "4"]
[White "JonasGallasch"]
[Black "Oleg_Papayan"]
[Result "0-1"]
[WhiteElo "2413"]
[BlackElo "2598"]
[TimeControl "180+1"]
[EndTime "14:36:49 PDT"]
[Termination "Oleg_Papayan won by resignation"]

1. c4 e6 2. d4 d5 3. Nf3 Nf6 4. g3 dxc4 5. Bg2 c5 6. O-O Nc6 7. dxc5 Qxd1 8. Rxd1 Bxc5 9. Nbd2 c3 10. bxc3 O-O 11. Nb3 Be7 12. Nfd4 Nxd4 13. cxd4 Nd5 14. Bb2 f5 15. Nc5 b6 16. Nd3 Ba6 17. Rac1 Rac8 18.
Bxd5 exd5 19. Nf4 Bc4 20. h4 Kf7 21. Rc2 Bd6 22. Rdc1 Bxf4 23. gxf4 Rc6 24. Kh2 Re8 25. e3 Rh6 26. Kg3 Ree6 27. f3 Rxe3 28. Rc3 Re2 29.
R1c2 Ree6 30. Rh2 Rhg6+ 31. Kh3 Bf1+ 0-1

[Event "Late-Titled-Tuesday-Blitz-May-28-2024"]
[Site "Chess.com"]
[Date "2024.05.28"]
[Round "4"]
[White "crazy_but_lazy"]
[Black "Nekoo04"]
[Result "1-0"]
[WhiteElo "2679"]
[BlackElo "2422"]
[TimeControl "180+1"]
[EndTime "14:36:49 PDT"]
[Termination "crazy_but_lazy won by resignation"]

1. d4 d5 2. Nf3 Nf6 3. Bf4 c5 4.
e3 Nc6 5. Nbd2 Bg4 6. c3 e6 7. Bb5 Qb6 8. Qa4 Be7 9. Ne5 Rc8 10. Nxg4 Nxg4 11. O-O O-O 12. Rab1 e5 13. Bxc6 exf4 14. Bd7 fxe3 15. Bxg4 exf2+ 16. Rxf2 Rc6 17. Nf3 f5 18. Bh3 Re6 19. Qb3 g5 20. Qxd5 g4 21.
Re1 Rf6 22. Rfe2 cxd4 23. Rxe6 1-0

[Event "Late-Titled-Tuesday-Blitz-May-28-2024"]
[Site "Chess.com"]
[Date "2024.05.28"]
[Round "4"]
[White "2L8IWUN"]
[Black "H3nriqueTV"]
[Result "0-1"]
[WhiteElo "2172"]
[BlackElo "2364"]
[TimeControl "180+1"]
[EndTime "14:36:59 PDT"]
[Termination "H3nriqueTV won by resignation"]

1. d4 Nf6 2. Nf3 g6 3. g3 Bg7 4. Bg2 O-O 5. O-O d5 6. c4 c5 7.
dxc5 dxc4 8. Ne5 Qc7 9. Nxc4 Qxc5 10. Qc2 Nc6 11. Be3 Qh5 12. Nc3 Bh3 13. f3 Bxg2 14. Kxg2 Nb4 15. Qa4 Nbd5 16. Bd4 Rac8 17. Nxd5 Qxd5 18.
Ne3 Qe6 19. Rac1 a6 20. Qb3 Qxb3 21. axb3 Ng4 22. Bxg7 Nxe3+ 23. Kf2 Nxf1 24. Bxf8 Rxc1 0-1

[Event "Late-Titled-Tuesday-Blitz-May-28-2024"]
[Site "Chess.com"]
[Date "2024.05.28"]
[Round "4"]
[White "chegueps"]
[Black "Shankland"]
[Result "0-1"]
[WhiteElo "2728"]
[BlackElo "3000"]
[TimeControl "180+1"]
[EndTime "14:37:01 PDT"]
[Termination "Shankland won by resignation"]

1. e4 c5 2. Nf3 d6 3. Bb5+ Bd7 4. Bxd7+ Nxd7 5. c3 Ngf6 6. Qe2 e6 7. d4 Be7 8. e5 Nd5 9. c4 N5b6 10. exd6 Bxd6 11. b4 cxd4 12. c5 Be7 13. cxb6 Bxb4+ 14. Bd2 Qxb6 15. Bxb4 Qxb4+ 16. Nbd2 O-O 17. O-O Nc5 18. Rab1 Qa4 19. Qe5 b6 20. Nxd4 Rad8 21. N2f3 Rd5 22. Qe3 Rfd8 23.
Ne2 Rd3 24. Qg5 h6 25. Qh5 Qxa2 26. Ne5 Qxb1 27. Qxf7+ Kh8 28. Ng6+ Kh7 29. Nef4 Rd1 0-1

[Event "Late-Titled-Tuesday-Blitz-May-28-2024"]
[Site "Chess.com"]
[Date "2024.05.28"]
[Round "4"]
[White "Synctel"]
[Black "Romadk"]
[Result "0-1"]
[WhiteElo "2075"]
[BlackElo "2458"]
[TimeControl "180+1"]
[EndTime "14:37:02 PDT"]
[Termination "Romadk won on time"]

1. d4 Nf6 2. Nf3 d5 3. e3 Bf5 4. c4 c6 5. Nc3 e6 6. Qb3 Qb6 7. c5 Qc7 8. Ne5 Nfd7 9. f4 f6 10. Nf3 e5 11. fxe5 fxe5 12. Be2 Be7 13. O-O Be6 14.
e4 exd4 15. Nxd4 Bxc5 16. Be3 Qe5 17. Rad1 Bb6 18. Na4 dxe4 19. Nxb6 Bxb3 20. Nxa8 Bxd1 21. Bxd1 Rf8 22. Re1 Kd8 23. Bb3 Nc5 0-1

[Event "Late-Titled-Tuesday-Blitz-May-28-2024"]
[Site "Chess.com"]
[Date "2024.05.28"]
[Round "4"]
[White "Dolphin_2010"]
[Black "CristhianPortalR"]
[Result "1-0"]
[WhiteElo "2746"]
[BlackElo "2540"]
[TimeControl "180+1"]
[EndTime "14:37:08 PDT"]
[Termination "Dolphin_2010 won by resignation"]

1. d4 d5 2. c4 c6 3. Nc3 Nf6 4. cxd5 cxd5 5. Bf4 Nc6 6. e3 a6 7. Bd3 Bg4 8. Nf3 e6 9. O-O Bd6 10. Bxd6 Qxd6 11. h3 Bh5 12. Rc1 O-O 13. a3 e5 14.
dxe5 Nxe5 15. Be2 Bxf3 16. Bxf3 Rfd8 17. Ne2 Nxf3+ 18. gxf3 Qe6 19. Kg2 Qe5 20. Qd4 Qg5+ 21. Kh2 Qh5 22. Qf4 Re8 23. Nd4 Nd7 24. Rc7 Ne5 25. Rg1 Ng6 26. Qxf7+ 1-0

[Event "Late-Titled-Tuesday-Blitz-May-28-2024"]
[Site "Chess.com"]
[Date "2024.05.28"]
[Round "4"]
[White "ChadBiryani"]
[Black "NikaVolkov"]
[Result "0-1"]
[WhiteElo "2541"]
[BlackElo "2760"]
[TimeControl "180+1"]
[EndTime "14:37:10 PDT"]
[Termination "NikaVolkov won by checkmate"]

1. c4 e6 2. g3 d5 3. Bg2 Nf6 4. Nf3 Be7 5. O-O O-O 6. b3 c5 7. cxd5 Nxd5 8. Bb2 Bf6 9. Nc3 Nc6 10. Qc2 b6 11.
Rad1 Ba6 12. Rfe1 Qe7 13. a3 Rac8 14. d3 Nd4 15. Nxd5 exd5 16. Nxd4 cxd4 17. Qd2 Bb7 18.
Rc1 Bg5 19. f4 Bf6 20. Rxc8 Rxc8 21. Rc1 Re8 22. Kf1 h5 23. Bf3 h4 24. g4 g5 25.
f5 Qe5 26. Kg2 Kg7 27. a4 h3+ 28. Kg1 Kh6 29. Qb4 Qe3+ 30. Kh1 Ba6 31. Qd6 Kg7 32. Rc6 Qxf3+ 33. exf3 Re1# 0-1

[Event "Late-Titled-Tuesday-Blitz-May-28-2024"]
[Site "Chess.com"]
[Date "2024.05.28"]
[Round "4"]
[White "Galileo22"]
[Black "Smiechu"]
[Result "0-1"]
[WhiteElo "2641"]
[BlackElo "2468"]
[TimeControl "180+1"]
[EndTime "14:37:11 PDT"]
[Termination "Smiechu won by checkmate"]

1. d4 Nf6 2. Bf4 c5 3. d5 e6 4.
c4 exd5 5. cxd5 g6 6. Nc3 d6 7. e4 Bg7 8. Qa4+ Bd7 9. Qb3 Qc7 10. Bb5 O-O 11. f3 a6 12. Bxd7 Nbxd7 13. a4 Rfe8 14. Nge2 Nh5 15. Bd2 Ne5 16. O-O c4 17. Qc2 Qc5+ 18.
Kh1 Nd3 19. Nd1 b5 20. Rb1 f5 21. b4 Qc7 22. Nec3 Qe7 23. exf5 Qh4 24. Ne3 Bd4 25.
Ncd1 Ng3+ 26. Kg1 Nxf1 27. Kxf1 Bxe3 28. Bxe3 Qe1# 0-1

[Event "Late-Titled-Tuesday-Blitz-May-28-2024"]
[Site "Chess.com"]
[Date "2024.05.28"]
[Round "4"]
[White "VirtualCoach"]
[Black "Pig-filth"]
[Result "0-1"]
[WhiteElo "2188"]
[BlackElo "2363"]
[TimeControl "180+1"]
[EndTime "14:37:15 PDT"]
[Termination "Pig-filth won by resignation"]

1. Nf3 Nc6 2. d4 d5 3. c4 e6 4. e3 Nf6 5. Nc3 Bd6 6. Bd2 O-O 7. Bd3 dxc4 8. Bxc4 e5 9. dxe5 Nxe5 10. Be2 Qe7 11. O-O Rd8 12. Qc2 Nxf3+ 13. Bxf3 Qe5 14. g3 c6 15. Bg2 Bc7 16. Ne2 Bf5 17. Qc3 Ne4 18. Qxe5 Bxe5 19. Bc3 Nxc3 20. Nxc3 Rd2 21. e4 Be6 22.
Rab1 Rad8 23. a3 f6 24. Kh1 Bc4 25. Rfd1 Bxc3 0-1

[Event "Late-Titled-Tuesday-Blitz-May-28-2024"]
[Site "Chess.com"]
[Date "2024.05.28"]
[Round "4"]
[White "Mikhail_Golubev"]
[Black "sergiochess83"]
[Result "0-1"]
[WhiteElo "2651"]
[BlackElo "2884"]
[TimeControl "180+1"]
[EndTime "14:37:16 PDT"]
[Termination "sergiochess83 won by checkmate"]

1. e4 c5 2. Nf3 e6 3. d4 cxd4 4.
Nxd4 Nc6 5. Nc3 a6 6. Be3 Nf6 7. Bd3 Qc7 8. O-O Bd6 9. f4 Nxd4 10. e5 Bc5 11. exf6 gxf6 12. Ne4 Bb6 13. Nxf6+ Ke7 14. Qh5 Nxc2 15. Bxb6 Qxb6+ 16. Kh1 Nxa1 17. Qg5 Qxb2 18. Ne4+ Ke8 19. Nd6+ Kf8 20. f5 Rg8 21. Qh6+ Ke7 22. fxe6 Qxg2# 0-1

[Event "Late-Titled-Tuesday-Blitz-May-28-2024"]
[Site "Chess.com"]
[Date "2024.05.28"]
[Round "4"]
[White "platy3"]
[Black "Grebnev_A"]
[Result "0-1"]
[WhiteElo "2862"]
[BlackElo "2650"]
[TimeControl "180+1"]
[EndTime "14:37:16 PDT"]
[Termination "Grebnev_A won by resignation"]

1. e4 c5 2. Nf3 Nc6 3. d4 cxd4 4.
Nxd4 g6 5. c4 Nf6 6. Nc3 d6 7. f3 Nxd4 8. Qxd4 Bg7 9. Be3 O-O 10.
Qd2 a5 11. b3 a4 12. b4 Be6 13. Rc1 Nd7 14. Be2 Ne5 15. Nb5 Rc8 16. Na3 b5 17.
cxb5 Rxc1+ 18. Qxc1 Bxa2 19. O-O Qb8 20. b6 Rc8 21.
Qd2 Bb3 22. Rc1 Nd7 23. Rxc8+ Qxc8 24. Bb5 Bc3 25. Qc1 Nxb6 26. Kh1 Bxb4 27. Qb2 Bc5 28. Bh6 e5 29. h3 Bd4 30. Qd2 Qc3 31.
Qxc3 Bxc3 32. Be3 Bb2 33. Nb1 Nc4 0-1

[Event "Late-Titled-Tuesday-Blitz-May-28-2024"]
[Site "Chess.com"]
[Date "2024.05.28"]
[Round "4"]
[White "DonPreuss"]
[Black "th3d4rkness"]
[Result "1/2-1/2"]
[WhiteElo "2295"]
[BlackElo "2152"]
[TimeControl "180+1"]
[EndTime "14:37:18 PDT"]
[Termination "Game drawn by repetition"]

1. d4 Nf6 2. Nc3 e6 3. e4 d5 4. exd5 Nxd5 5. Bd3 Nxc3 6. bxc3 Be7 7. Ne2 Bf6 8. O-O O-O 9. Ng3 g6 10. Bh6 Bg7 11.
Qd2 Qh4 12. Bxg7 Kxg7 13. Rae1 Nd7 14. f4 Nf6 15. Ne4 Bd7 16. g3 Qh5 17. Nxf6 Kxf6 18. Be4 Bc6 19. Bxc6 bxc6 20. Qe3 Kg7 21. Rb1 Rab8 22.
Rb3 Rxb3 23. axb3 a5 24. Qe5+ Qxe5 25. fxe5 Ra8 26. Ra1 f6 27. exf6+ Kxf6 28. Ra4 e5 29. dxe5+ Kxe5 30. b4 Kd5 31. bxa5 Ra6 32. Kf2 Kc5 33.
Ke3 Kb5 34. Ra1 Rxa5 35. Rxa5+ Kxa5 36. Kd4 Kb5 37. g4 c5+ 38. Kd3 Kc6 39. Ke4 Kd6 40. c4 Ke6 41. g5 c6 42. h3 Kd6 43. Kf4 Ke6 44. Ke4 Kd6 45. Kf4 Ke6 46. Ke4 1/2-1/2

[Event "Late-Titled-Tuesday-Blitz-May-28-2024"]
[Site "Chess.com"]
[Date "2024.05.28"]
[Round "4"]
[White "WildBizon"]
[Black "jaskol95"]
[Result "1/2-1/2"]
[WhiteElo "2734"]
[BlackElo "2542"]
[TimeControl "180+1"]
[EndTime "14:37:20 PDT"]
[Termination "Game drawn by repetition"]

1. e4 e6 2. d4 d5 3. Bd3 Nf6 4. e5 Nfd7 5. f4 c5 6. c3 Nc6 7.
Nf3 a5 8. Na3 cxd4 9. cxd4 Bb4+ 10. Kf2 Qb6 11. Nb5 O-O 12. Bxh7+ Kxh7 13. Ng5+ Kg6 14.
Qg4 f5 15. Qh4 Nf6 16. exf6 Qxb5 17. fxg7 Kxg7 18. Qh7+ Kf6 19. Be3 b6 20. Rac1 Ba6 21.
Qh6+ Ke7 22. Qxe6+ Kd8 23. Rxc6 Qe2+ 24. Kg3 Qg4+ 25.
Kf2 Qe2+ 26. Kg3 Qg4+ 27. Kf2 Qe2+ 1/2-1/2

[Event "Late-Titled-Tuesday-Blitz-May-28-2024"]
[Site "Chess.com"]
[Date "2024.05.28"]
[Round "4"]
[White "yobdc"]
[Black "Byniolus"]
[Result "0-1"]
[WhiteElo "2531"]
[BlackElo "2733"]
[TimeControl "180+1"]
[EndTime "14:37:21 PDT"]
[Termination "Byniolus won by checkmate"]

1. e4 d6 2. d4 Nf6 3. Nc3 c6 4. Nf3 Bg4 5. Be2 e6 6. Be3 Be7 7. h3 Bh5 8. Qd2 d5 9. e5 Nfd7 10. g4 Bg6 11. h4 h5 12. Ng5 c5 13. f4 hxg4 14. Bxg4 cxd4 15. Bxd4 Nc6 16. Bxe6 Bxg5 17. Bxd7+ Qxd7 18. fxg5 Qg4 19. Bf2 d4 20. Ne2 O-O-O 21.
O-O-O d3 22. cxd3 Rxd3 23. Qe1 Rxd1+ 24. Qxd1 Rd8 25. Qe1 Qe4 26. Qc3 Qb1# 0-1

[Event "Late-Titled-Tuesday-Blitz-May-28-2024"]
[Site "Chess.com"]
[Date "2024.05.28"]
[Round "4"]
[White "AlexeiShirov"]
[Black "SRob2003"]
[Result "1-0"]
[WhiteElo "2907"]
[BlackElo "2681"]
[TimeControl "180+1"]
[EndTime "14:37:22 PDT"]
[Termination "AlexeiShirov won by resignation"]

1. e4 c6 2. d4 d5 3. e5 c5 4.
dxc5 e6 5. a3 Bxc5 6. b4 Be7 7.
Nf3 a5 8. b5 f6 9. c4 dxc4 10.
Qxd8+ Bxd8 11. Bxc4 Kf7 12. Nc3 Nd7 13. Ne4 Be7 14.
Bb2 h6 15. O-O-O Nb6 16. exf6 Nxf6 17. Ne5+ Ke8 18. Bd3 Bd7 19. Nxd7 Nbxd7 20. Rhe1 Nxe4 21. Bxe4 Nc5 22. Bxg7 Bg5+ 23. Kb1 Rg8 24. Be5 Be7 25. Bf3 Rg5 26. h4 Rf5 27. Bg4 Rf3 28. Bxf3 1-0

[Event "Late-Titled-Tuesday-Blitz-May-28-2024"]
[Site "Chess.com"]
[Date "2024.05.28"]
[Round "4"]
[White "carokannlover213"]
[Black "Love7Unicorn"]
[Result "1-0"]
[WhiteElo "2740"]
[BlackElo "2532"]
[TimeControl "180+1"]
[EndTime "14:37:26 PDT"]
[Termination "carokannlover213 won on time"]

1. e4 c5 2. Nf3 d6 3. d4 cxd4 4. Nxd4 Nf6 5. Nc3 g6 6. Be2 Bg7 7. g4 Nc6 8. Be3 h5 9. gxh5 Nxh5 10. Qd2 Bd7 11. O-O-O Rc8 12. f4 Qa5 13. Kb1 Nxf4 14. Nb3 Nxe2 15. Nxa5 Nxc3+ 16. bxc3 Nxa5 17. Bd4 Nc4 18. Qf2 e5 19. Be3 b6 20. h4 Rh5 21. Bg5 Be6 22. Rhf1 Kd7 23. Rd5 Bf8 24. a4 Be7 25. Bxe7 Kxe7 26. a5 bxa5 27. Qxa7+ Kf8 28. Kc1 Rxh4 29. Rb5 Kg7 30. Rb7 Rf8 31. Re7 Kg8 32. Rxe6 fxe6 33. Rxf8+ Kxf8 34. Qb8+ Kg7 35. Qc7+ Kh6 36.
Qxc4 d5 37. Qc8 Rxe4 38. Qxe6 1-0

[Event "Late-Titled-Tuesday-Blitz-May-28-2024"]
[Site "Chess.com"]
[Date "2024.05.28"]
[Round "4"]
[White "Arteler"]
[Black "DonJuanEGenaro"]
[Result "0-1"]
[WhiteElo "2245"]
[BlackElo "2035"]
[TimeControl "180+1"]
[EndTime "14:37:26 PDT"]
[Termination "DonJuanEGenaro won by checkmate"]

1. d4 d5 2. c4 e6 3. Nc3 c5 4.
e3 Nf6 5. dxc5 Bxc5 6. cxd5 exd5 7. Nf3 Nc6 8. Be2 O-O 9. O-O a6 10. a3 h6 11. b4 Ba7 12. Bb2 Bf5 13. Bd3 Bg4 14.
h3 Bxf3 15. Qxf3 d4 16. Ne4 Ne5 17. Nxf6+ Qxf6 18. Qxf6 gxf6 19. Be4 dxe3 20. Bxe5 exf2+ 21. Kh1 fxe5 22. Rac1 Rab8 23. Rc7 f5 24. Bd5+ Kh8 25. Rxb7 Rxb7 26. Bxb7 Be3 27. Bxa6 Ra8 28. b5 e4 29.
a4 Bb6 30. Ra1 e3 31. a5 e2 32. axb6 f1=Q+ 33. Rxf1 exf1=Q+ 34. Kh2 Qf4+ 35. Kh1 Rd8 36. g3 Qf2 37. b7 Rd1# 0-1

[Event "Late-Titled-Tuesday-Blitz-May-28-2024"]
[Site "Chess.com"]
[Date "2024.05.28"]
[Round "4"]
[White "BogdanDeac"]
[Black "Dexter_Dyke"]
[Result "1-0"]
[WhiteElo "3072"]
[BlackElo "2446"]
[TimeControl "180+1"]
[EndTime "14:37:30 PDT"]
[Termination "BogdanDeac won by resignation"]

1. d4 Nf6 2. Nf3 c5 3. e3 d5 4.
Nbd2 Nc6 5. h3 Bf5 6. c3 e6 7.
g4 Bg6 8. Nh4 Bd6 9. Nxg6 hxg6 10. Bg2 cxd4 11. exd4 O-O 12. O-O e5 13. dxe5 Nxe5 14. Nb3 Nc6 15. Bg5 Be7 16. Bxf6 Bxf6 17. Qxd5 Qc7 18. Rfd1 Rad8 19. Qc4 Qb6 20. Qc5 Qc7 21.
Bxc6 bxc6 22. Nd4 Qf4 23. Ne2 Qf3 24. Qe3 Qxe3 25. fxe3 Rfe8 26. Kf2 a5 27. Nd4 c5 28.
Nf3 Rb8 29. Rd2 g5 30. Re1 Re4 31. Rde2 a4 32. a3 g6 33. Rd1 Kg7 34. Rd5 Rb5 35.
Kg2 Kf8 36. Nxg5 Re7 37. Nf3 Reb7 38. Rdd2 Rb3 39. e4 Bxc3 40. bxc3 Rxa3 41. Ra2 Rbb3 42. Rxa3 Rxa3 43. Rc2 Rb3 44. Kf2 a3 45. Ke3 Rb1 46.
Ra2 Rh1 47. h4 1-0

[Event "Late-Titled-Tuesday-Blitz-May-28-2024"]
[Site "Chess.com"]
[Date "2024.05.28"]
[Round "4"]
[White "MKlose11"]
[Black "giovannibrandao7"]
[Result "1-0"]
[WhiteElo "2610"]
[BlackElo "2281"]
[TimeControl "180+1"]
[EndTime "14:37:31 PDT"]
[Termination "MKlose11 won by resignation"]

1. e4 c5 2. Nc3 d6 3. g3 Nc6 4.
d3 g6 5. Bg2 Bg7 6. Be3 e5 7. f4 Nge7 8. Nf3 Nd4 9. O-O O-O 10. Qd2 f5 11. Rae1 Nec6 12. Nh4 fxe4 13. dxe4 exf4 14. Bxf4 Be6 15. Nd5 Bxd5 16. exd5 Ne5 17. c3 Nf5 18. Nxf5 Rxf5 19. Bh3 Rf8 20. Be6+ Kh8 21. Kg2 b5 22. Bg5 Qa5 23. Be7 Rxf1 24. Rxf1 Qxa2 25. Rf2 Qa6 26. Qg5 Qb7 27. Bxd6 Nc4 28.
Rf7 Nxd6 29. Rxb7 Nxb7 30. Qe7 Nd8 31. Qe8+ 1-0

[Event "Late-Titled-Tuesday-Blitz-May-28-2024"]
[Site "Chess.com"]
[Date "2024.05.28"]
[Round "4"]
[White "mindprogress732"]
[Black "jinxy2009"]
[Result "0-1"]
[WhiteElo "2124"]
[BlackElo "2298"]
[TimeControl "180+1"]
[EndTime "14:37:32 PDT"]
[Termination "jinxy2009 won by resignation"]

1. Nf3 Nf6 2. b3 d5 3. Bb2 Bf5 4. d3 h6 5. Nbd2 e6 6. g3 Be7 7. Bg2 O-O 8. O-O Bh7 9. Ne5 Nbd7 10. e4 c6 11. f4 a5 12. Qe2 a4 13. Rae1 axb3 14. axb3 Ra2 15. Rb1 dxe4 16. Nxe4 Nxe4 17. dxe4 Nxe5 18. Bxe5 Qb6+ 19. Kh1 Qc5 20. Rf2 f6 21. Bb2 Rd8 22. Bh3 Kf7 23. f5 e5 24. Bf1 Kf8 25. g4 Bg8 26. h4 Qa5 27. Bc1 Ba3 28. Be3 Bc5 29. g5 hxg5 30. hxg5 Qc3 31. Bxc5+ Qxc5 32. gxf6 gxf6 33. Rg2 Rd7 34. Qg4 Rh7+ 35. Rh2 Rxh2+ 36.
Kxh2 Qxc2+ 37. Bg2 Qxb1 38. Qg6 Qxe4 39. Qxf6+ Ke8 40.
Qg6+ Bf7 0-1

[Event "Late-Titled-Tuesday-Blitz-May-28-2024"]
[Site "Chess.com"]
[Date "2024.05.28"]
[Round "4"]
[White "shrek4life02"]
[Black "Rud_Makarian"]
[Result "0-1"]
[WhiteElo "2665"]
[BlackElo "2951"]
[TimeControl "180+1"]
[EndTime "14:37:33 PDT"]
[Termination "Rud_Makarian won by resignation"]

1. Nf3 Nf6 2. c4 e6 3. b3 d5 4.
Bb2 Be7 5. g3 O-O 6. Bg2 c6 7.
O-O b5 8. d3 a5 9. Nc3 Qb6 10.
Rb1 Ba6 11. Re1 Nbd7 12. cxd5 cxd5 13. e4 dxe4 14. dxe4 Rfd8 15. Qe2 Nc5 16. e5 b4 17.
exf6 Bxf6 18. Qe3 bxc3 19. Ba3 Rac8 20. Rbc1 Qc7 21. Bxc5 Qxc5 22. Qxc5 Rxc5 23. Bf1 Bb7 24. Re3 g5 25. h3 h5 26. Be2 Kg7 27. Ne1 Rd2 28. Bxh5 Bd4 29. Re2 Ba6 0-1

[Event "Late-Titled-Tuesday-Blitz-May-28-2024"]
[Site "Chess.com"]
[Date "2024.05.28"]
[Round "4"]
[White "BabageldiAnnaberdiyev"]
[Black "AryanTari"]
[Result "0-1"]
[WhiteElo "2594"]
[BlackElo "3017"]
[TimeControl "180+1"]
[EndTime "14:37:34 PDT"]
[Termination "AryanTari won by resignation"]

1. e4 c5 2. Nf3 Nc6 3. d3 g6 4. Nbd2 Bg7 5. g3 e6 6. Bg2 Nge7 7. h4 h6 8. O-O d6 9. Re1 Rb8 10. Nf1 b5 11. c3 b4 12. d4 bxc3 13. bxc3 cxd4 14.
cxd4 e5 15. dxe5 Nxe5 16. Nxe5 Bxe5 17. Ba3 Bxa1 18. Qxa1 O-O 19. Rd1 Rb6 20. e5 d5 21.
Ne3 Be6 22. Nxd5 Nxd5 23. Bxf8 Kxf8 24. Qd4 Rb5 25. Qxa7 Qa5 26. Qd4 Qxa2 27. Kh2 Kg7 28. Ra1 Qb2 29. Qxb2 Rxb2 30. Kg1 h5 31. Ra7 Nc3 32. Bf3 Ne2+ 33. Kg2 Nd4 34. Bd1 Bd5+ 0-1

[Event "Late-Titled-Tuesday-Blitz-May-28-2024"]
[Site "Chess.com"]
[Date "2024.05.28"]
[Round "4"]
[White "ozates"]
[Black "jcmesafischer"]
[Result "1-0"]
[WhiteElo "2629"]
[BlackElo "2353"]
[TimeControl "180+1"]
[EndTime "14:37:36 PDT"]
[Termination "ozates won by resignation"]

1. e4 c5 2. Nf3 d6 3. Bb5+ Bd7 4. Bxd7+ Qxd7 5. O-O Nc6 6. Qe2 Nf6 7. Rd1 e5 8. c3 Be7 9. d4 cxd4 10. cxd4 exd4 11. Nxd4 Nxd4 12. Rxd4 O-O 13. e5 Qe6 14. Bf4 dxe5 15. Qxe5 Qxe5 16. Bxe5 Rfe8 17. Nc3 a6 18. Rad1 b5 19.
a3 Rad8 20. h3 Rxd4 21. Rxd4 Rd8 22. Kf1 Rxd4 23. Bxd4 Kf8 24. Ke2 Ke8 25. Kd3 Kd7 26.
g4 h6 27. f4 Kc6 28. Ne2 g6 29. Ng1 Bc5 30. Nf3 Bxd4 31. Kxd4 Nd7 32. Ne5+ Kd6 33.
Nxf7+ Ke7 34. Nxh6 Kf6 35. h4 Kg7 36. g5 Kf8 37. f5 Kg7 38. f6+ Kf8 39. Ng4 1-0

[Event "Late-Titled-Tuesday-Blitz-May-28-2024"]
[Site "Chess.com"]
[Date "2024.05.28"]
[Round "4"]
[White "Juliana_Figueira"]
[Black "MaiqMaster"]
[Result "0-1"]
[WhiteElo "1998"]
[BlackElo "2454"]
[TimeControl "180+1"]
[EndTime "14:37:36 PDT"]
[Termination "MaiqMaster won by checkmate"]

1. d4 d5 2. c4 e6 3. Nc3 Nf6 4. cxd5 exd5 5. Bg5 Bb4 6. a3 Bxc3+ 7. bxc3 h6 8. Bh4 g5 9. Bg3 Ne4 10. Qb3 h5 11. f3 Nxg3 12. hxg3 Nc6 13. e3 Qd6 14.
Ne2 Bf5 15. Ra2 O-O-O 16. Rb2 b6 17. Qa4 Kb8 18. f4 Rde8 19. c4 Rxe3 20. c5 Qf6 21. cxb6 axb6 22. Kf2 Rhe8 23. Qd1 Bg4 24. a4 Nxd4 25.
Rd2 Nxe2 26. Bxe2 Bxe2 27. Rxe2 Rxe2+ 28. Qxe2 Rxe2+ 29. Kxe2 gxf4 30. gxf4 Qxf4 31. Rf1 Qe4+ 32. Kf2 d4 33. Kg1 Qe3+ 34. Kh1 d3 35. Rxf7 d2 36.
Rf8+ Kb7 37. Rd8 Qe1+ 38. Kh2 d1=Q 39. Rxd1 Qxd1 40. Kh3 Qg4+ 41. Kh2 h4 42. Kg1 h3 43.
Kh1 Qxg2# 0-1

[Event "Late-Titled-Tuesday-Blitz-May-28-2024"]
[Site "Chess.com"]
[Date "2024.05.28"]
[Round "4"]
[White "RuperezA"]
[Black "ImportedItalianMaple"]
[Result "1-0"]
[WhiteElo "2703"]
[BlackElo "2528"]
[TimeControl "180+1"]
[EndTime "14:37:40 PDT"]
[Termination "RuperezA won on time"]

1. e4 c5 2. Nf3 a6 3. c4 Nc6 4. d4 cxd4 5. Nxd4 e5 6. Nf5 d5 7. cxd5 Bxf5 8. exf5 Nd4 9. Nc3 Nf6 10. Bd3 Be7 11. Be3 O-O 12. O-O Nxd5 13. Be4 Nxe3 14. fxe3 Nc6 15. Nd5 Bc5 16. f6 g6 17. Rc1 Qd6 18.
Qe1 Rfd8 19. Qh4 Qf8 20. Kh1 Rxd5 21. Bxd5 Bxe3 22. Rc3 Bd4 23. Rh3 h5 24. Qg5 Nb4 25.
Qxg6+ 1-0

[Event "Late-Titled-Tuesday-Blitz-May-28-2024"]
[Site "Chess.com"]
[Date "2024.05.28"]
[Round "4"]
[White "EsmeraldasAnderson03"]
[Black "MikeSailer"]
[Result "0-1"]
[WhiteElo "2451"]
[BlackElo "2138"]
[TimeControl "180+1"]
[EndTime "14:37:41 PDT"]
[Termination "MikeSailer won by checkmate"]

1. d4 d5 2. c4 c6 3. Nc3 Nf6 4. cxd5 cxd5 5. Bf4 Nc6 6. e3 a6 7. Nf3 g6 8. Ne5 Bg7 9. Be2 O-O 10. O-O Na5 11.
b4 Nc6 12. Nxc6 bxc6 13. Na4 a5 14. a3 axb4 15. axb4 Ba6 16. Nc5 Bxe2 17. Qxe2 Qb6 18. Rfb1 Rfd8 19. Qb2 h6 20. h3 e6 21. Be5 Ne4 22. Bxg7 Kxg7 23. Nxe4 dxe4 24. d5+ Kh7 25. dxe6 fxe6 26. Qf6 c5 27. bxc5 Rxa1 28. Qxa1 Qc7 29. c6 Qxc6 30. Qf6 Rd7 31. g4 Qd6 32. Kg2 Qe7 33.
Qe5 Qf7 34. Rb8 Qf3+ 35. Kg1 Rd1+ 36. Kh2 Rh1# 0-1

[Event "Late-Titled-Tuesday-Blitz-May-28-2024"]
[Site "Chess.com"]
[Date "2024.05.28"]
[Round "4"]
[White "sleeping_in_the_fire"]
[Black "DeTimmerman"]
[Result "0-1"]
[WhiteElo "2435"]
[BlackElo "2750"]
[TimeControl "180+1"]
[EndTime "14:37:44 PDT"]
[Termination "DeTimmerman won on time"]

1. e4 e5 2. Nf3 Nc6 3. Bc4 Nf6 4. d3 Be7 5. O-O O-O 6. Nc3 d6 7. a4 Kh8 8. h3 Ng8 9. d4 f5 10. exf5 e4 11. Nd2 Bxf5 12. Bxg8 Kxg8 13. Ndxe4 d5 14. Ng3 Bg6 15. Be3 Bd6 16. Nb5 Bxg3 17. fxg3 Qe7 18.
Bf4 Rac8 19. Re1 Qd7 20. c3 a6 21. Na3 Rce8 22. Qd2 Be4 23. Nc2 h6 24. Nb4 Na5 25. Rad1 Qxa4 26. Bxc7 Nc4 27. Be5 Nxd2 28. Rxd2 Rf7 29.
Rde2 Ref8 30. Bf4 Qb5 31. Kh2 a5 32. Nc2 Qxb2 33. Ne3 Qxc3 34. Ng4 Rxf4 0-1

[Event "Late-Titled-Tuesday-Blitz-May-28-2024"]
[Site "Chess.com"]
[Date "2024.05.28"]
[Round "4"]
[White "Jarming"]
[Black "neilbhav"]
[Result "1-0"]
[WhiteElo "2646"]
[BlackElo "2418"]
[TimeControl "180+1"]
[EndTime "14:37:44 PDT"]
[Termination "Jarming won by resignation"]

1. e4 e5 2. Nf3 Nc6 3. Bb5 a6 4. Ba4 Nf6 5. d3 b5 6. Bb3 Be7 7. a3 O-O 8. Nc3 d6 9. h3 Nd4 10. Nxd4 exd4 11. Nd5 Be6 12. Nxe7+ Qxe7 13. Ba2 Bxa2 14.
Rxa2 d5 15. f3 dxe4 16. dxe4 c5 17. O-O Rad8 18. Bg5 Qe5 19. Qd2 c4 20. Bh4 d3 21. a4 dxc2 22. Qxc2 Rd3 23. axb5 axb5 24. Ra5 Rb3 25. Qxc4 bxc4 26. Rxe5 Rxb2 27. Rc5 Rc2 28. Rf2 Rc3 29. Kh2 Nd7 30. Rc7 Ne5 31. Ra2 h6 32.
Be1 Rc1 33. Bd2 Rd1 34. Bc3 Nd3 35. Rxc4 Rd8 36. Rd4 Rxd4 37. Bxd4 Nf4 38. Be3 Ne6 39. Re2 g5 40. h4 Kg7 41. Kg3 Kg6 42. hxg5 hxg5 43. Ra2 f5 44. exf5+ Kxf5 45. Ra5+ Kf6 46.
Ra6 Kf5 47. Ra5+ Kf6 48. Kg4 Rd3 49. Bxg5+ Nxg5 50. Rxg5 Rd4+ 51. f4 Rd2 52. g3 Rd8 53. Rb5 Rd3 54. Rb6+ 1-0